 Dungeon Crawl Stone Soup version 0.21.0-24-g2553a33 (webtiles) character file.

2991 mopl the Tainter (level 9, 0/68 HPs)
             Began as a Naga Venom Mage on Jan 19, 2018.
             Was a Follower of Vehumet.
             Slain by a yak (4 damage)
             ... on level 7 of the Dungeon.
             The game lasted 00:19:02 (8538 turns).

mopl the Tainter (Naga Venom Mage)                  Turns: 8538, Time: 00:19:03

Health: 0/68       AC:  6    Str: 11    XL:     9   Next: 83%
Magic:  0/17       EV: 10    Int: 19    God:    Vehumet [*.....]
Gold:   362        SH:  0    Dex: 11    Spells: 4/19 levels left

rFire    . . .     SeeInvis +   a - staff of poison
rCold    + . .     Gourm    .   (no shield)
rNeg     . . .     Faith    .   p - +0 robe
rPois    +         Spirit   .   r - +0 helmet
rElec    .         Reflect  .   (no cloak)
rCorr    .         Harm     .   g - +0 pair of gloves (curse)
MR       +....                  (no barding)
Stlth    +++.......             (no amulet)
HPRegen  0.21/turn              C - ring of stealth
MPRegen  0.15/turn              O - ring of protection from cold

@: short of breath, very slow
A: large, see invisible, deformed body, poison resistance, slowness 2, slow
metabolism 1, spit poison 1, AC +3
a: Spit Poison, Renounce Religion


You were on level 7 of the Dungeon.
You worshipped Vehumet.
Vehumet was aware of your devotion.
You were hungry.

You visited 2 branches of the dungeon, and saw 8 of its levels.

You collected 362 gold pieces.

Inventory:

Hand Weapons
 b - a +2 trident of freezing
Missiles
 N - 6 needles of paralysis
Armour
 g - a cursed +0 pair of gloves (worn)
 p - a +0 robe (worn)
 r - a +0 helmet (worn)
 w - a +0 leather armour of cold resistance
 E - a +0 buckler
 F - a +0 shield
Magical Staves
 a - an uncursed staff of poison (weapon)
 J - an uncursed staff of conjuration {!a}
Jewellery
 C - a ring of stealth (left hand)
 O - a ring of protection from cold (right hand)
Wands
 l - a wand of digging (3)
 n - a wand of flame (20)
Scrolls
 d - 5 scrolls of teleportation
 k - a scroll of blinking
 o - a scroll of silence {unknown}
 I - a scroll of fog {unknown}
 K - 2 scrolls of random uselessness {unknown}
Potions
 f - a potion of haste
 h - 6 potions of heal wounds
 i - 2 potions of agility {unknown}
 j - 3 potions of magic {unknown}
 m - 2 potions of mutation {!q}
 q - 2 potions of berserk rage {unknown}
 t - a potion of ambrosia {unknown}
 u - a potion of flight {unknown}
 x - a potion of brilliance {unknown}
 B - 2 potions of degeneration {unknown}
Books
 v - a Young Poisoner's Handbook

   Spells                             Type                      Level
   a - Sting                          Conjuration/Poison           1
   b - Poisonous Vapours              Poison/Air                   2
   c - Mephitic Cloud                 Conjuration/Poison/Air       3
   d - Olgreb's Toxic Radiance        Poison                       4
   e - Venom Bolt                     Conjuration/Poison           5
Comestibles
 c - 9 rations
 s - 2 chunks of flesh


   Skills:
 - Level 1.5 Dodging
 - Level 3.0 Stealth
 + Level 5.5 Spellcasting
 * Level 8.2 Conjurations
 - Level 3.0 Air Magic
 - Level 10.0 Poison Magic
 + Level 3.9 Evocations


You had 4 spell levels left.
You knew the following spells:

 Your Spells              Type           Power        Failure   Level  Hunger
a - Venom Bolt            Conj/Pois      ######....   8%          5    #####..
b - Poisonous Vapours     Pois/Air       #####.       1%          2    None
c - Olgreb's Toxic Radia  Pois           ######..     1%          4    ####...
d - Mephitic Cloud        Conj/Pois/Air  #####...     1%          3    ##.....
e - Sting                 Conj/Pois      ####         1%          1    None


Dungeon Overview and Level Annotations

Branches:
Dungeon (7/15)             Temple (1/1) D:7

Altars:
Cheibriados
Dithmenos
Elyvilon
Fedhas
Hepliaklqana
Makhleb
Nemelex Xobeh
Qazlal
Sif Muna
Vehumet
Wu Jian
Xom
Yredelemnul
The Shining One

Annotations:
D:7 exclusion: wight


Innate Abilities, Weirdness & Mutations

You cannot wear boots.
Your serpentine skin is tough. (AC +3)
You have supernaturally acute eyesight. (SInv)
Armour fits poorly on your strangely shaped body.
Your system is resistant to poisons. (rPois)
You cover ground very slowly.
You have a slow metabolism.
You can spit poison.


Message History

* * * LOW HITPOINT WARNING * * *
Unknown command.
Press: ? - help, Shift-Dir - straight line, f - yak
Aim: a yak (severely wounded, poisoned)
The splash of poison hits the yak.
The yak looks as sick as possible!
The yak is almost dead.
You feel slightly more hungry.
The yak looks as sick as possible!
Your toxic aura wanes.
The yak gores you!
* * * LOW HITPOINT WARNING * * *
Unknown command.
Casting: Olgreb's Toxic Radiance
Confirm with . or Enter, or press ? or * to list all spells.
Aiming: Venom Bolt
Press: ? - help, Shift-Dir - straight line, f/p - yak
Aim: a yak (almost dead, poisoned)
You feel a surge of power!
The bolt of poison misses the yak.
You are feeling hungry.
The yak gores you.
You die...

#..#.###.###### ..#
#........# ..# ##.#.###.#
####.# #.......# ##'#.)#
###.##### ##..|.# #.###
##.(...## #.#.##
##....†..##
#....####...Y.†...#
#.......÷..@.<....'..
######....####.........###
#.........# ##.......##
#.####.##.# ##.....## #.#
#..##.# ##...## #.#
#.###.# ##+## #.# #.# #.#
#.# .# #.###.###.# #.# .#
#.........# ##.## .#


You could see a yak.

Vanquished Creatures
  Menkaure (D:7)
  An ice beast (D:5)
  An orc warrior (D:6)
  5 ogres
  A phantom (D:3)
  2 big kobolds (D:7)
  5 bullfrogs
  A water moccasin skeleton (D:7)
  10 killer bees (D:7)
  5 howler monkeys
  2 bullfrog zombies
  2 crimson imps
  A centaur zombie (D:6)
  5 hounds
  2 orc priests
  2 centaur skeletons (D:7)
  Jessica (D:2)
  2 iguanas
  Natasha (thrice) (D:2)
  Terence (D:2)
  3 orc wizards
  Ijyb (D:3)
  2 worker ants (D:6)
  A hound zombie (D:6)
  Robin (D:2)
  10 adders
  3 gnolls (D:4)
  3 worms
  A dart slug (D:3)
  5 leopard geckos
  13 orcs
  6 ball pythons
  4 giant cockroaches
  22 goblins
  7 hobgoblins
  8 jackals
  7 quokkas
  4 bats
  8 frilled lizards
  13 kobolds
  8 rats
183 creatures vanquished.

Notes
Turn   | Place    | Note
-------+----------+-------------------------------------------
     0 | D:1      | mopl the Naga Venom Mage began the quest for the Orb.
     0 | D:1      | Reached XP level 1. HP: 15/15 MP: 3/3
   120 | D:1      | Reached XP level 2. HP: 22/22 MP: 3/5
   265 | D:1      | Learned a level 2 spell: Poisonous Vapours
   462 | D:1      | Reached XP level 3. HP: 28/28 MP: 3/6
   467 | D:1      | Learned a level 3 spell: Mephitic Cloud
   787 | D:2      | Reached skill level 2 in Conjurations
  1264 | D:2      | Reached skill level 5 in Poison Magic
  1468 | D:2      | Reached XP level 4. HP: 34/36 MP: 2/7
  1523 | D:2      | Noticed Jessica
  1626 | D:2      | Killed Jessica
  1626 | D:2      | Reached skill level 1 in Air Magic
  1770 | D:2      | Reached XP level 5. HP: 42/42 MP: 1/8
  1880 | D:2      | Noticed Robin
  1887 | D:2      | Noticed Terence
  2239 | D:2      | Killed Terence
  2239 | D:2      | Reached skill level 3 in Conjurations
  2364 | D:2      | Killed Robin
  2388 | D:2      | Noticed Natasha
  2442 | D:2      | Killed Natasha
  2443 | D:2      | Found a white marble altar of Elyvilon.
  2697 | D:2      | Noticed Natasha
  2703 | D:2      | Killed Natasha
  2703 | D:2      | Reached skill level 6 in Poison Magic
  2703 | D:2      | Reached XP level 6. HP: 49/49 MP: 4/10
  2714 | D:2      | Learned a level 4 spell: Olgreb's Toxic Radiance
  2757 | D:2      | Noticed Natasha
  2760 | D:2      | Killed Natasha
  2781 | D:3      | Found a basalt altar of Yredelemnul.
  2846 | D:3      | Noticed a phantom
  2858 | D:3      | Killed a phantom
  2858 | D:3      | Reached skill level 3 in Spellcasting
  2858 | D:3      | Reached skill level 2 in Air Magic
  2916 | D:3      | Found a burning altar of Makhleb.
  3241 | D:3      | Found a stormy altar of Qazlal.
  3256 | D:3      | Found a snail-covered altar of Cheibriados.
  3264 | D:3      | Noticed Ijyb
  3279 | D:3      | Killed Ijyb
  3279 | D:3      | Reached skill level 4 in Conjurations
  3442 | D:3      | Reached XP level 7. HP: 50/55 MP: 11/11
  3894 | D:4      | Reached skill level 7 in Poison Magic
  4598 | D:4      | Reached skill level 5 in Conjurations
  4598 | D:4      | Reached skill level 3 in Air Magic
  4758 | D:5      | Entered Level 5 of the Dungeon
  4781 | D:5      | Found a glowing golden altar of the Shining One.
  4829 | D:5      | Reached XP level 8. HP: 57/62 MP: 6/13
  4868 | D:5      | Reached skill level 8 in Poison Magic
  4897 | D:5      | Reached skill level 4 in Spellcasting
  5166 | D:5      | Found a sparkling altar of Nemelex Xobeh.
  5362 | D:6      | Learned a level 5 spell: Venom Bolt
  5815 | D:6      | Reached skill level 6 in Conjurations
  5815 | D:6      | Reached skill level 1 in Evocations
  5847 | D:6      | Reached skill level 9 in Poison Magic
  6315 | D:6      | Found a burning altar of Makhleb.
  6315 | D:6      | Noticed an Executioner
  6319 | D:6      | Noticed a smoke demon
  6319 | D:6      | Noticed an orange demon
  6595 | D:6      | Reached XP level 9. HP: 63/68 MP: 1/15
  6600 | D:6      | Reached skill level 2 in Evocations
  7685 | D:7      | Found a stormy altar of Qazlal.
  7714 | D:7      | Found a staircase to the Ecumenical Temple.
  7723 | Temple   | Entered the Ecumenical Temple
  7842 | Temple   | Became a worshipper of Vehumet
  7951 | D:7      | Reached skill level 7 in Conjurations
  7951 | D:7      | Reached skill level 10 in Poison Magic
  8020 | D:7      | Reached skill level 5 in Spellcasting
  8047 | D:7      | Reached skill level 3 in Evocations
  8268 | D:7      | Noticed Menkaure
  8285 | D:7      | Killed Menkaure
  8532 | D:7      | Reached skill level 8 in Conjurations
  8532 | D:7      | Reached * piety under Vehumet
  8532 | D:7      | Offered knowledge of Shock by Vehumet.
  8537 | D:7      | HP: 3/68 [yak (17)]
  8538 | D:7      | Slain by a yak

Skill      XL: |  1  2  3  4  5  6  7  8  9 |
---------------+----------------------------+-----
Conjurations   | 2 3 4 5 6 8 |  8.2
Poison Magic   | 5 6 7 9 10 | 10.0
Air Magic      | 1 2 3 |  3.0
Spellcasting   | 3 4 5 |  5.5
Evocations     | 1 3 |  3.9
Dodging        | |  1.5
Stealth        | |  3.0

Action                   |  1- 3 |  4- 6 |  7- 9 || total
-------------------------+-------+-------+-------++-------
Melee: Short sword       |    19 |    78 |       ||    97
       Trident           |       |    21 |   161 ||   182
       Staff             |       |       |    38 ||    38
 Cast: Sting             |    25 |     5 |     1 ||    31
       Poisonous Vapours |    15 |    28 |    17 ||    60
       Mephitic Cloud    |       |     5 |     1 ||     6
       Olgreb's Toxic Ra |       |     4 |    36 ||    40
       Venom Bolt        |       |       |     2 ||     2
 Abil: Spit Poison       |    27 |    22 |    14 ||    63
Evoke: Wand              |       |     6 |     8 ||    14
  Use: Scroll            |       |     4 |     6 ||    10
       Potion            |       |       |     1 ||     1
 Stab: Sleeping          |     2 |     1 |     4 ||     7
       Confused          |       |     1 |       ||     1
  Eat: Chunk             |     4 |     9 |    18 ||    31
       Ration            |       |       |     1 ||     1
Armor: Robe              |     6 |    31 |    48 ||    85
       Skin              |       |       |     9 ||     9
Dodge: Dodged            |    19 |    79 |   125 ||   223
